 Dungeon Crawl Stone Soup version 0.31-a0-803-g95b03c3367 (webtiles) character file.

Game seed: 13084558788180134321

77651 Flugkiller the Devastator (level 15, 0/83 HPs)
             Began as a Deep Elf Fire Elementalist on Sept 20, 2023.
             Was a High Priest of Vehumet.
             Hit by a large rock thrown by a stone giant (40 damage)
             ... on level 15 of the Dungeon.
             The game lasted 00:34:33 (23680 turns).

Flugkiller the Devastator (DEFE)                   Turns: 23680, Time: 00:34:33

Health: 0/83       AC:  9    Str:  5    XL:     15   Next: 15%
Magic:  24/37      EV: 16    Int: 33    God:    Vehumet [*****.]
Gold:   1354       SH:  0    Dex: 19    Spells: 18/46 levels left

rFire   . . .        P - +2 quarterstaff of Luxury {heavy, Int+5 Dex+4}
rCold   + . .        (shield currently unavailable)
rNeg    . . .        m - +0 troll leather armour
rPois   +            E - +2 helmet
rElec   .            f - +0 cloak
rCorr   .            O - +1 pair of gloves
SInv    .            (no boots)
Will    +....        R - amulet of magic regeneration
Stlth   ++           p - ring of protection from cold
HPRegen 1.13/turn    o - ring of poison resistance
MPRegen 0.65/turn

%: no passive effects
@: no status effects
A: no striking features
a: Renounce Religion


You were on level 15 of the Dungeon.
You worshipped Vehumet.
Vehumet was extremely pleased with you.
You visited 3 branches of the dungeon, and saw 21 of its levels.

You collected 1354 gold pieces.

Inventory:

Hand Weapons
 i - a +2 dagger of holy wrath
   (You found it on level 1 of the Dungeon)
 u - the +6 lajatang "Pemp" {flame, Str+7}
   (You found it on level 4 of the Dungeon)

   Str+7:     It affects your strength (+7).
 P - the +2 quarterstaff of Luxury (weapon) {heavy, Int+5 Dex+4}
   (You found it on level 4 of the Dungeon)

   Int+5:     It affects your intelligence (+5).
   Dex+4:     It affects your dexterity (+4).
Armour
 a - a +0 robe
 f - a +0 cloak (worn)
   (You found it on level 1 of the Dungeon)
 m - a +0 troll leather armour (worn)
   (You found it on level 11 of the Dungeon)
 E - a +2 helmet (worn)
   (You found it on level 5 of the Dungeon)
 O - a +1 pair of gloves (worn)
   (You found it on level 10 of the Dungeon)
 X - a +0 robe of willpower
   (You took it off an orc wizard on level 9 of the Dungeon)
Jewellery
 c - a ring of protection from cold
   (You found it on level 14 of the Dungeon)
 o - a ring of poison resistance (right hand)
   (You found it on level 3 of the Lair of Beasts)
 p - a ring of protection from cold (left hand)
   (You found it on level 1 of the Dungeon)
 F - an amulet of faith
   (You found it on level 4 of the Dungeon)
 Q - a ring of wizardry
   (You found it on level 5 of the Lair of Beasts)
 R - an amulet of magic regeneration (around neck)
   (You found it on level 3 of the Lair of Beasts)
 U - a ring of wizardry
   (You found it on level 12 of the Dungeon)
Wands
 e - a wand of mindburst (23)
   (You took it off Ijyb on level 3 of the Dungeon)
 s - a wand of paralysis (9)
   (You found it on level 4 of the Lair of Beasts)
 x - a wand of digging (6)
   (You found it on level 4 of the Dungeon)
 H - a wand of light (3)
   (You took it off an orc on level 6 of the Dungeon)
 I - a wand of roots (16)
   (You took it off Jeremiah on level 6 of the Dungeon)
 N - a wand of polymorph (6)
   (You found it on level 1 of the Lair of Beasts)
 S - a wand of flame (11)
   (You found it on level 10 of the Dungeon)
Scrolls
 g - 6 scrolls of amnesia
 t - 6 scrolls of teleportation
 v - 4 scrolls of immolation
 y - a scroll of noise
 z - 5 scrolls of blinking
 A - 3 scrolls of enchant armour
 B - a scroll of brand weapon
 G - 6 scrolls of fog
 J - a scroll of torment
 L - 4 scrolls of revelation
 M - 4 scrolls of poison
 T - a scroll of fear
 V - 2 scrolls of enchant weapon
Potions
 b - 5 potions of magic
 d - 2 potions of might
 h - 7 potions of haste
 j - a potion of brilliance
 k - 5 potions of ambrosia
 l - 3 potions of attraction
 n - 2 potions of resistance
 q - 8 potions of curing
 w - 4 potions of heal wounds
 C - 2 potions of berserk rage
 D - a potion of invisibility
 K - 3 potions of enlightenment
 W - a potion of cancellation {unknown}
 Y - 2 potions of lignification


   Skills:
 + Level 5.6 Fighting
 + Level 8.0 Dodging
 - Level 2.4 Stealth
 + Level 16.2 Spellcasting
 + Level 17.7 Conjurations
 - Level 16.8 Fire Magic
 - Level 4.0 Evocations


You had 18 spell levels left.
You knew the following spells:

 Your Spells              Type           Power      Damage    Failure   Level
a - Foxfire               Conj/Fire      100%       2x1d9     0%          1
b - Scorch                Fire           100%       2d9       0%          2
c - Inner Flame           Hex/Fire       70%        N/A       1%          3
d - Flame Wave            Conj/Fire      96%        2d20      0%          4
e - Starburst             Conj/Fire      48%        6d13      1%          6
f - Fireball              Conj/Fire      48%        3d19      1%          5
g - Orb of Destruction    Conj           48%        9d13      1%          7

Your spell library contained the following spells:

 Spells                   Type           Power      Damage    Failure   Level
 Fulminant Prism          Conj/Hex       35%        3d18      1%          4
 Momentum Strike          Conj/Tloc      100%       3d10      1%          2
 Static Discharge         Conj/Air       100%       2-7/arc   1%          2
 Ignite Poison            Fire/Tmut/Pois 59%        N/A       1%          3
 Mephitic Cloud           Conj/Pois/Air  60%        N/A       1%          3
 Volatile Blastmotes      Fire/Tloc      100%       2d18      1%          3
 Freezing Cloud           Conj/Ice/Air   30%        6-21      1%          5
 Iskenderun's Battlesphe  Conj           97%        2d14      1%          5
 Apportation              Tloc           52%        N/A       2%          1
 Necrotise                Necr           100%       1d9       2%          1
 Summon Small Mammal      Summ           100%       N/A       2%          1
 Cigotuvi's Dreadful Rot  Necr/Pois/Air  52%        N/A       3%          2
 Call Canine Familiar     Summ           26%        N/A       8%          3
 Gell's Gravitas          Tloc           26%        N/A       8%          3
 Sigil of Binding         Hex            26%        N/A       8%          3
 Summon Guardian Golem    Hex/Summ       26%        N/A       8%          3
 Teleport Other           Tloc           26%        N/A       8%          3
 Vampiric Draining        Necr           26%        2d7       8%          3
 Spellforged Servitor     Conj/Summ      35%        N/A       16%         7
 Lee's Rapid Deconstruct  Erth           13%        3d9*      17%         5
 Animate Armour           Summ/Erth      52%        N/A       26%         4
 Animate Dead             Necr           26%        N/A       26%         4
 Dimensional Bullseye     Hex/Tloc       13%        N/A       26%         4
 Leda's Liquefaction      Hex/Erth       13%        N/A       26%         4
 Passage of Golubria      Tloc           26%        N/A       26%         4
 Summon Lightning Spire   Summ/Air       26%        N/A       26%         4
 Agony                    Necr           26%        N/A       56%         5
 Dispersal                Tloc           13%        N/A       98%         6
 Summon Cactus Giant      Summ           13%        N/A       98%         6
 Haunt                    Necr/Summ      13%        N/A       100%        7
 Infestation              Necr           13%        N/A       100%        8


Dungeon Overview and Level Annotations

Branches:
Dungeon (15/15) Zot: 26658  Temple (1/1) D:7 Zot: 5998    Lair (5/5) D:9 Zot: 23600
 Shoals (0/4) Lair:3        Snake (0/4) Lair:3        Slime (0/5) Lair:5
    Orc (0/2) D:9          Vaults (0/5) D:14
 Depths: D:15

Altars:
Ashenzari
Cheibriados
Dithmenos
Elyvilon
Fedhas
Gozag
Hepliaklqana
Kikubaaqudgha
Makhleb
Nemelex Xobeh
Okawaru
Qazlal
Ru
Sif Muna
Trog
Uskayaw
Vehumet
Wu Jian
Xom
Yredelemnul
Zin
The Shining One
Jiyva

Shops:
D:1 !   D:4 [   D:5 *   D:9 !   D:10 *

Annotations:
D:6 Edmund
D:9 exclusion: ice statue, Gastronok
D:11 3 runed translucent doors, exclusion: orange crystal statue, Tigeam's ghost, journeyman MfIE
D:13 2 transporters, Fiesu's ghost, journeyman DrCj
Lair:2 exclusion: oklob plant
Lair:4 exclusion: oklob plant


Message History

You feel your power returning.
The bolt of fire hits Rupert!!!
Rupert is almost dead.
Rupert roars wildly at you. You resist with significant effort.
Casting: Starburst (mildly dangerous; 1% risk of failure)
Confirm with . or Enter, or press ? or * to list all spells.
The bolt of fire hits Rupert!!
You kill Rupert!
Vehumet accepts your kill.
You feel your power returning.
The bolt of fire hits the orc warrior!!!
You kill the orc warrior!
Vehumet accepts your kill.
You start resting.
A tengu warrior comes into view. It is wielding a +0 longbow.
Casting: Starburst (mildly dangerous; 1% risk of failure)
Confirm with . or Enter, or press ? or * to list all spells.
Aiming: Fireball (safe; 1% risk of failure)
Press: ? - help, Shift-Dir - straight line The fireball explodes!
The fireball engulfs the tengu warrior!!
The tengu warrior is heavily wounded.
The tengu warrior shouts!
The tengu warrior shoots an arrow.
The arrow hits you!!
Casting: Fireball (safe; 1% risk of failure)
Confirm with . or Enter, or press ? or * to list all spells.
Aiming: Fireball (safe; 1% risk of failure)
Press: ? - help, Shift-Dir - straight line The fireball explodes!
The fireball engulfs the tengu warrior!!
The tengu warrior is almost dead.
The tengu warrior shoots an arrow.
The arrow misses you.
Casting: Fireball (safe; 1% risk of failure)
Confirm with . or Enter, or press ? or * to list all spells.
Aiming: Fireball (safe; 1% risk of failure)
Press: ? - help, Shift-Dir - straight line The fireball explodes!
The fireball engulfs the tengu warrior!!
You kill the tengu warrior!
Vehumet accepts your kill.
You feel your power returning.
You start resting.
HP restored.
You start resting.
Magic restored.
Things that are here:
a +0 battleaxe; a +0 chain mail
Items here: % )) [[ †.
Found a war axe.
Things that are here:
a +0 dire flail; a +0 orcbow; a +0 chain mail
Things that are here:
a +0 longbow; a tengu corpse
Found a chain mail.
Things that are here:
a +0 giant club; an ogre corpse
Things that are here:
a +0 war axe; a +0 leather armour; a meliai corpse
z - 5 scrolls of blinking (gained 1)
There is an open door here.
A tengu warrior comes into view. It is wielding a +0 longbow.
A tengu warrior is nearby!
A tengu warrior is nearby!
Casting: Fireball (safe; 1% risk of failure)
Confirm with . or Enter, or press ? or * to list all spells.
Aiming: Fireball (safe; 1% risk of failure)
Press: ? - help, Shift-Dir - straight line, f - tengu warrior
Aim: a tengu warrior, wielding a +0 longbow (asleep)
The fireball explodes!
The fireball engulfs the tengu warrior!!!
The tengu warrior is severely wounded.
The tengu warrior shouts!
You hear a shout!
The tengu warrior shoots an arrow.
The arrow hits you!
Casting: Fireball (safe; 1% risk of failure)
Confirm with . or Enter, or press ? or * to list all spells.
Aiming: Fireball (safe; 1% risk of failure)
Press: ? - help, Shift-Dir - straight line, f/p - tengu warrior
Aim: a tengu warrior, wielding a +0 longbow (severely wounded)
The fireball explodes!
The fireball engulfs the tengu warrior!!!
You kill the tengu warrior!
Vehumet accepts your kill.
You feel your power returning.
A stone giant comes into view.
Your Dodging skill increases to level 8!
Casting: Fireball (safe; 1% risk of failure)
Confirm with . or Enter, or press ? or * to list all spells.
Okay, then.
Casting: Fireball (safe; 1% risk of failure)
Confirm with . or Enter, or press ? or * to list all spells.
The bolt of fire hits the stone giant!!
The stone giant is moderately wounded.
The stone giant throws a large rock.
The large rock hits you!
Casting: Starburst (mildly dangerous; 1% risk of failure)
Confirm with . or Enter, or press ? or * to list all spells.
The bolt of fire hits the stone giant!!
The stone giant is heavily wounded.
The stone giant throws a large rock.
The large rock hits you!!
The stone giant throws a large rock.
The large rock hits you!!!
You die...

############ #≈§.....C.)#
####≈.#≈≈≈###'# #..#@.....# #...
#..'.##≈..+ ....# #####.##......#
....# #......#≈.#≈≈≈#
....##+##......#≈≈......
.......##.###..#############
....##...............##.##.#
....##.#####.#.#....).#.##.######
.......# #.#.......)))).)......


You could see a stone giant.

Vanquished Creatures
  Rupert (D:15)
  Jorgrun (D:13)
  Fannar (Lair:3)
  Erolcha (D:12)
  Josephine (D:13)
  9 hydras
  4 centaur warriors
  7 boulder beetles
  2 death yaks
  4 two-headed ogres
  2 tengu warriors (D:15)
  2 skysharks
  4 wizards
  An orc knight (D:15)
  6 cyclopes
  A deep elf pyromancer (D:8)
  8 ugly things (D:14)
  6 manticores
  17 elephants
  Joseph (D:7)
  2 black mambas
  20 cane toads
  2 torpor snails
  3 gargoyles
  2 unseen horrors
  Maggie (D:7)
  Jeremiah (D:6)
  A yaktaur (shapeshifter) (D:13)
  2 rime drakes
  2 freezing wraiths
  11 komodo dragons
  A merfolk (Lair:3)
  6 trolls
  5 polar bears
  Prince Ribbit (D:7)
  6 meliai
  7 hornets
  4 dream sheep (Lair:5)
  4 blink frogs (Lair:3)
  15 slime creatures
  Sigmund (D:5)
  A centaur simulacrum (D:14)
  A vampire (D:14)
  5 wraiths
  11 spriggans (Lair:5)
  23 yaks
  4 wyverns
  4 vampire mosquitoes
  A basilisk (Lair:1)
  A steam dragon (D:9)
  A naga (Lair:3)
  A warg (D:15)
  3 acid dragons
  13 water moccasins
  Duvessa (D:5)
  5 black bears
  6 orc warriors
  A sky beast (D:6)
  2 ice beasts
  3 ogres
  24 wolves (Lair:5)
  4 boggarts (Lair:5)
  A phantom (D:5)
  8 centaurs
  2 kobold brigands
  Blork the orc (D:5)
  A gnoll sergeant (D:5)
  5 bullfrogs
  14 wights
  Dowan (D:5)
  An electric eel (Lair:1)
  6 howler monkeys
  A crimson imp (D:14)
  A gnoll bouda (D:9)
  2 hounds (D:6)
  A jelly (Lair:5)
  9 orc priests
  Ijyb (D:3)
  3 iguanas
  Natasha (thrice) (D:2)
  11 orc wizards
  8 gnolls
  15 adders
  2 white imps (D:5)
  2 ufetubi (D:7)
  2 worms (D:2)
  2 dart slugs
  45 orcs
  6 ball pythons
  8 endoplasms
  A giant cockroach (D:4)
  8 hobgoblins
  10 kobolds
  3 quokkas
  4 bats
  3 frilled lizards (D:2)
  6 goblins
  4 rats
492 creatures vanquished.

Vanquished Creatures (collateral kills)
  2 foxfires (D:9)
2 creatures vanquished.

Vanquished Creatures (others)
  A gnoll (D:9)
  840 foxfires
841 creatures vanquished.

Grand Total: 1335 creatures vanquished

Notes
Turn   | Place    | Note
-------+----------+-------------------------------------------
     0 | D:1      | Flugkiller the Deep Elf Fire Elementalist began the quest
                  | for the Orb.
     0 | D:1      | Reached XP level 1. HP: 10/10 MP: 6/6
   475 | D:1      | Found Kumeroag's Distillery.
   519 | D:1      | Reached XP level 2. HP: 15/15 MP: 5/8
   586 | D:2      | Noticed Natasha
   592 | D:2      | Killed Natasha
   593 | D:2      | Reached skill level 2 in Conjurations
   593 | D:2      | Reached XP level 3. HP: 19/19 MP: 2/9
   658 | D:2      | Found a faded altar of an unknown god.
   918 | D:2      | Reached XP level 4. HP: 22/24 MP: 7/11
  1004 | D:2      | Noticed Natasha
  1009 | D:2      | Killed Natasha
  1010 | D:2      | Reached skill level 3 in Conjurations
  1170 | D:2      | Noticed Natasha
  1177 | D:2      | Killed Natasha
  1178 | D:2      | Reached XP level 5. HP: 11/28 MP: 7/13
  1526 | D:3      | Learned a level 2 spell: Scorch
  1530 | D:3      | Learned a level 3 spell: Inner Flame
  1638 | D:3      | Noticed Ijyb
  1666 | D:2      | Identified a scroll of acquirement
  1692 | D:3      | Noticed a phantom
  1740 | D:3      | Killed Ijyb
  1762 | D:3      | Reached skill level 5 in Fire Magic
  2185 | D:4      | Identified the +2 quarterstaff of Luxury {heavy, Int+5
                  | Dex+4}
  2226 | D:4      | Found Vogag's Antique Armour Shop.
  2261 | D:4      | Identified the +6 lajatang "Pemp" {flame, Str+7}
  2445 | D:4      | Got a graven book
  2469 | D:4      | Reached skill level 4 in Conjurations
  2973 | D:4      | Reached XP level 6. HP: 32/32 MP: 11/14
  3286 | D:4      | Learned a level 4 spell: Flame Wave
  3321 | D:5      | Entered Level 5 of the Dungeon
  3337 | D:5      | Identified the +5 dagger "Backscratcher" {heavy, rF+ Str+3
                  | Dex-5}
  3348 | D:5      | Reached skill level 5 in Spellcasting
  3354 | D:5      | Found Wytuod's Gadget Gallery.
  3491 | D:5      | Reached skill level 5 in Conjurations
  3491 | D:5      | Reached XP level 7. HP: 31/36 MP: 10/16
  3497 | D:5      | Noticed Sigmund
  3502 | D:5      | Killed Sigmund
  3760 | D:5      | Noticed Blork the orc
  3771 | D:5      | Killed Blork the orc
  3772 | D:5      | Reached skill level 6 in Conjurations
  3999 | D:5      | Noticed Dowan
  4042 | D:5      | Reached XP level 8. HP: 28/41 MP: 5/19
  4259 | D:5      | Noticed Duvessa
  4273 | D:5      | Killed Duvessa
  4286 | D:5      | Killed Dowan
  4610 | D:5      | Reached skill level 7 in Conjurations
  4711 | D:5      | Found an ornate altar of the Wu Jian Council.
  5393 | D:6      | Identified the +1 robe of the Old World {Harm rPois Int-5
                  | Dex+3}
  5406 | D:6      | Noticed Edmund
  5406 | D:6      | Noticed Jeremiah
  5472 | D:6      | Reached skill level 8 in Conjurations
  5561 | D:6      | Reached skill level 1 in Evocations
  5566 | D:6      | Reached XP level 9. HP: 45/45 MP: 9/21
  5833 | D:6      | Found a radiant altar of Vehumet.
  5842 | D:6      | Found a shadowy altar of Dithmenos.
  5911 | D:6      | Became a worshipper of Vehumet
  6038 | D:6      | Killed Jeremiah
  6333 | D:7      | Noticed Joseph
  6342 | D:7      | Killed Joseph
  6343 | D:7      | Reached skill level 1 in Fighting
  6454 | D:7      | Found a staircase to the Ecumenical Temple.
  6478 | Temple   | Entered the Ecumenical Temple
  6584 | D:7      | Noticed Prince Ribbit
  6589 | D:7      | Killed Prince Ribbit
  6590 | D:7      | Reached skill level 9 in Conjurations
  6776 | D:7      | Noticed Maggie
  6783 | D:7      | Killed Maggie
  7228 | D:8      | Reached skill level 10 in Fire Magic
  7291 | D:8      | Noticed a deep elf pyromancer
  7295 | D:8      | Killed a deep elf pyromancer
  7296 | D:8      | Reached XP level 10. HP: 42/53 MP: 6/24
  7739 | D:8      | Found a broken altar of Ashenzari.
  7820 | D:8      | Reached * piety under Vehumet
  7820 | D:8      | Offered knowledge of Magic Dart by Vehumet.
  7981 | D:8      | You fall into a shaft and drop 1 floor!
  8025 | D:9      | Reached skill level 10 in Conjurations
  8474 | D:9      | Found a blossoming altar of Fedhas.
  8793 | D:9      | Found a staircase to the Orcish Mines.
  8823 | D:9      | Offered knowledge of Shock by Vehumet.
  8948 | D:9      | Noticed Gastronok
  8968 | D:9      | Reached ** piety under Vehumet
  9627 | D:9      | Found Ozat's Distillery.
 10060 | D:9      | Found a staircase to the Lair.
 10078 | D:9      | Noticed an ice statue
 10282 | D:10     | Entered Level 10 of the Dungeon
 10282 | D:10     | Found Tesekog's General Store.
 10326 | D:10     | Reached skill level 11 in Conjurations
 10918 | D:10     | Acquired the Textbook on Battling
 10927 | D:10     | Learned a level 6 spell: Starburst
 11157 | D:10     | Reached XP level 11. HP: 57/57 MP: 20/26
 11163 | D:10     | Reached skill level 10 in Spellcasting
 11695 | D:11     | Noticed a two-headed ogre
 12078 | D:10     | Killed a two-headed ogre
 12147 | D:11     | Noticed an orange crystal statue
 12149 | D:11     | Noticed a cyan ugly thing
 12149 | D:11     | Noticed a two-headed ogre
 12359 | D:11     | Offered knowledge of Poisonous Vapours by Vehumet.
 12502 | D:11     | Reached skill level 12 in Conjurations
 12660 | D:11     | Noticed a two-headed ogre
 12670 | D:11     | Killed a two-headed ogre
 12776 | D:11     | Noticed a boulder beetle
 12829 | D:11     | Found a glowing silver altar of Zin.
 13041 | D:11     | Killed a boulder beetle
 13165 | D:11     | Found a runed translucent gate.
 13165 | D:11     | Found a runed translucent gate.
 13166 | D:11     | Found a runed translucent gate.
 13166 | D:11     | Noticed a glowing orange brain
 13167 | D:11     | Noticed Tigeam's ghost (journeyman MfIE)
 13169 | D:11     | Found a viscous altar of Jiyva.
 13247 | D:11     | Noticed a two-headed ogre
 13361 | D:11     | Noticed a two-headed ogre
 13369 | D:11     | Noticed a boulder beetle
 13369 | D:11     | Noticed a two-headed ogre
 13497 | Lair:1   | Entered Level 1 of the Lair of Beasts
 13642 | Lair:1   | Reached *** piety under Vehumet
 13716 | Lair:1   | Found a hide-covered altar of Uskayaw.
 13716 | Lair:1   | Noticed a boulder beetle
 13716 | Lair:1   | Noticed a boulder beetle
 13728 | Lair:1   | Killed a boulder beetle
 13837 | Lair:1   | Found an ornate altar of the Wu Jian Council.
 13925 | Lair:1   | Killed a boulder beetle
 13926 | Lair:1   | Reached skill level 13 in Conjurations
 14185 | Lair:1   | Reached XP level 12. HP: 62/62 MP: 2/29
 14633 | Lair:1   | Offered knowledge of Stone Arrow by Vehumet.
 15537 | Lair:2   | Noticed a seven-headed hydra
 15545 | Lair:2   | Killed a seven-headed hydra
 15913 | Lair:3   | Reached skill level 14 in Conjurations
 16063 | Lair:3   | Noticed a death yak
 16073 | Lair:3   | Killed a death yak
 16118 | Lair:3   | Noticed Fannar
 16287 | Lair:3   | Killed Fannar
 16374 | Lair:3   | Noticed a six-headed hydra
 16385 | Lair:3   | Killed a six-headed hydra
 16408 | Lair:3   | Noticed a seven-headed hydra
 16416 | Lair:3   | Killed a seven-headed hydra
 16417 | Lair:3   | Reached skill level 15 in Fire Magic
 16515 | Lair:3   | Noticed a boulder beetle
 16516 | Lair:3   | Reached **** piety under Vehumet
 16522 | Lair:3   | Killed a boulder beetle
 16616 | Lair:3   | Offered knowledge of Fireball by Vehumet.
 16625 | Lair:3   | Learned a level 5 spell: Fireball
 16649 | Lair:3   | Reached XP level 13. HP: 39/66 MP: 13/31
 16693 | Lair:3   | Found a staircase to the Snake Pit.
 16857 | Lair:3   | Reached skill level 15 in Conjurations
 16999 | Lair:3   | Found a staircase to the Shoals.
 17184 | Lair:4   | Found the +1 robe of Vines {NoPotionHeal Regen++++}
 18319 | Lair:5   | Entered Level 5 of the Lair of Beasts
 18478 | Lair:5   | Found a viscous altar of Jiyva.
 18479 | Lair:5   | Found a staircase to the Slime Pits.
 18652 | Lair:5   | Reached skill level 16 in Conjurations
 18893 | Lair:5   | Reached ***** piety under Vehumet
 18982 | Lair:5   | Offered knowledge of Arcjolt by Vehumet.
 19216 | Lair:5   | Reached XP level 14. HP: 72/72 MP: 25/34
 19516 | Lair:5   | Identified the +3 ring mail "Qiseemoa" {rF++ rN+++ Dex-2
                  | Slay+5}
 19752 | Lair:5   | Learned a level 7 spell: Orb of Destruction
 20052 | D:12     | Noticed Erolcha
 20054 | D:12     | Killed Erolcha
 20533 | D:12     | Offered knowledge of Fulminant Prism by Vehumet.
 20679 | D:12     | Reached skill level 5 in Dodging
 20681 | D:12     | Reached skill level 15 in Spellcasting
 20681 | D:12     | Reached skill level 17 in Conjurations
 21032 | D:13     | Noticed Jorgrun
 21255 | D:13     | Killed Jorgrun
 21496 | D:13     | Noticed Josephine
 21499 | D:13     | Killed Josephine
 21646 | D:13     | Found a transporter.
 21647 | D:13     | Noticed Fiesu's ghost (journeyman DrCj)
 21648 | D:13     | Found a transporter.
 22298 | D:14     | Found a white marble altar of Elyvilon.
 22342 | D:14     | Reached skill level 5 in Fighting
 23024 | D:14     | Found a gate to the Vaults.
 23089 | D:14     | Reached XP level 15. HP: 82/82 MP: 32/36
 23339 | D:15     | Entered Level 15 of the Dungeon
 23564 | D:15     | Noticed Rupert
 23571 | D:15     | Killed Rupert
 23680 | D:15     | Hit by a large rock thrown by a stone giant

Illustrated notes

Levels and vault maps discovered:
D:1:      dpeg_arrival_long_road, layout_basic, serial_shops,
          nicolae_shop_window_shopping, nicolae_twisty_statue_hallways
D:2:      layout_rooms, basic_ecumenical_altar, uniq_natasha
D:3:      layout_rooms, uniq_ijyb
D:4:      layout_basic, serial_shops, kennysheep_mini_moat
D:5:      nicolae_cairo_tiling, layout_cave_pods, lemuel_doored_altar,
          nicolae_shop_gadgets, uniq_duvessa, uniq_blork_the_orc, uniq_sigmund
D:6:      layout_layer_cave, mainiacjoe_overflow_swirl, grunt_ministairs_11,
          uniq_jeremiah, uniq_edmund
D:7:      layout_gridville, minmay_temple_entry_tees, uniq_maggie, uniq_joseph,
          uniq_prince_ribbit1
D:8:      layout_rooms, nicolae_overflow_hidden_temple,
          hangedman_abyss_or_decor_lesser_grid, guppyfry_early_elven_hall
D:9:      layout_loops_ring, fedhas_bush_and_centaur_altar, david_orc_3,
          serial_shops, shop, minivault_16, uniq_gastronok
D:10:     hellmonk_crumbling_castle, layout_loops_ring, serial_shops,
          nicolae_shop_trees
D:11:     layout_rooms, gammafunk_ghost_ooze, minmay_misc_feat_doors,
          minivault_16, zin_statuary
D:12:     minmay_weird_star, layout_basic, kennysheep_crisscross, uniq_erolcha
D:13:     layout_loops_ring, gammafunk_ghost_smash, uniq_jorgrun, uniq_josephine
D:14:     layout_stronghold, david_vaults_1, nicolae_elyvilon_temple_path,
          serial_rivers, chequers_serial_rivers_small_a,
          chequers_serial_rivers_large_b, chequers_serial_rivers_micro_e,
          chequers_serial_rivers_small_b, chequers_serial_rivers_micro_c,
          minmay_misc_feat_x, minmay_misc_feat_alley, lightli_wizard_tower
D:15:     grunt_enter_depths_snipers, layout_loops_ring, ashenzari_altar_1,
          minmay_unpleasant_kobolds, uniq_rupert
Temple:   sentei_temple_godly_chess
Lair:1:   layout_gridlike, nzn_masters_of_martial_movement,
          infiniplex_staircase_pool_2
Lair:2:   layout_gridlike, st_stairs_3, chequers_serial_rivers_small_b,
          minmay_lair_oklob_items
Lair:3:   layout_cave_shapes, elwin_shoals_entry_rooms,
          guppyfry_snake_entry_garden, uniq_fannar
Lair:4:   layout_regular_city, hellmonk_guarded_unrand_vines, uniq_kirke
Lair:5:   minmay_lair_end_enchanted_forest, layout_regular_city,
          nicolae_slime_entry_slimehenge

Skill      XL: |  1  2  3  4  5  6  7  8  9 10 11 12 13 14 15 |
---------------+----------------------------------------------+-----
Conjurations   | 2 3 4 5 6 8 9 11 13 14 16 17 | 17.7
Fire Magic     | 4 5 6 7 8 10 11 13 15 16 | 16.8
Spellcasting   | 4 5 6 7 8 9 11 12 14 15 16 | 16.2
Evocations     | 2 4 |  4.0
Fighting       | 2 5 |  5.6
Dodging        | 7 8 |  8.0
Stealth        | |  2.4

Action                     |  1- 3 |  4- 6 |  7- 9 | 10-12 | 13-15 || total
---------------------------+-------+-------+-------+-------+-------++-------
  Melee: Unarmed           |     1 |       |       |       |       ||     1
         Dagger            |     3 |     2 |       |       |       ||     5
         Lajatang          |       |    10 |     8 |       |       ||    18
         Quarterstaff      |       |       |       |    24 |    11 ||    35
  Throw: Dart              |       |       |       |     1 |     1 ||     2
   Cast: Foxfire           |    54 |   148 |   175 |   172 |       ||   549
         Scorch            |       |    10 |    23 |    38 |       ||    71
         Inner Flame       |       |     1 |     6 |    13 |       ||    20
         Flame Wave        |       |       |     7 |    25 |       ||    32
         Starburst         |       |       |       |   110 |   170 ||   280
         Fireball          |       |       |       |       |   124 ||   124
         Orb of Destructio |       |       |       |       |     3 ||     3
  Evoke: Wand              |       |       |       |     2 |     2 ||     4
    Use: Scroll            |       |     6 |     4 |     8 |     8 ||    26
         Potion            |       |     3 |     3 |     4 |       ||    10
 Armour: Robe              |     7 |    19 |    49 |    82 |       ||   157
         Skin              |       |       |       |     7 |       ||     7
         Troll leather arm |       |       |       |    77 |   102 ||   179
  Dodge: Dodged            |    10 |    20 |    34 |    98 |    48 ||   210

Table legend: (Time is in decaauts)
 A = Elapsed time spent in this place.
 B = Non-inter-level travel time spent in this place.
 C = Inter-level travel time spent in this place.
 D = Time resting spent in this place.
 E = Time spent auto-exploring this place.
 F = Levels seen in this place.
 G = Mean time per level.
                   A        B        C        D        E       F      G
               +--------+--------+--------+--------+--------+-----+--------+
         Total |  23830 |  22766 |   1064 |   6902 |  11666 |  21 | 1134.8 |
       Dungeon |  17428 |  16582 |    846 |   4997 |   8467 |  15 | 1161.9 |
        Temple |      1 |      1 |      0 |      0 |      0 |   1 |    1.0 |
          Lair |   6399 |   6182 |    217 |   1904 |   3199 |   5 | 1279.8 |
               +--------+--------+--------+--------+--------+-----+--------+

Top non-repeatable levels by time:
     D:9: 2375 daAuts
    D:10: 1570 daAuts
     D:4: 1456 daAuts
  Lair:1: 1428 daAuts
  Lair:5: 1396 daAuts
     D:6: 1359 daAuts
     D:5: 1341 daAuts
    D:11: 1341 daAuts
     D:8: 1295 daAuts
    D:14: 1269 daAuts
  Lair:3: 1213 daAuts
  Lair:4: 1190 daAuts
  Lair:2: 1170 daAuts
    D:12: 1098 daAuts
     D:7: 911 daAuts
